 Dungeon Crawl Stone Soup version 0.17.0-28-g6e173f8 (console) character file.

4241 Kloppie the Fighter (level 10, -1/85 HPs)
             Began as a Formicid Fighter on Nov 24, 2015.
             Was a Follower of Elyvilon.
             Slain by a queen bee (8 damage)
             ... on level 8 of the Dungeon.
             The game lasted 00:14:56 (7453 turns).

Kloppie the Fighter (Formicid Fighter)              Turns: 7453, Time: 00:14:57

Health: -1/85      AC: 12    Str: 30    XL:     10   Next: 55%
Magic:  10/10      EV:  9    Int:  7    God:    Elyvilon [*.....]
Gold:   514        SH: 11    Dex: 21    Spells: 0 memorised, 9 levels left

rFire  . . .     SeeInvis +     a - +1 war axe
rCold  . . .     Clarity  .     E - +3 leather armour of the King {rN++ rCorr Str+3}
rNeg   + + .     SustAt   .     c - +0 shield
rPois  .         Gourm    .     (helmet unavailable)
rElec  +         Spirit   .     p - +0 cloak
rCorr  +         Warding  .     s - +0 pair of gloves
rMut   .         Stasis   +     w - +1 pair of boots
MR     ++...                    (no amulet)
Stlth  ++........               m - +4 ring of dexterity
                                h - ring "Fiykikhloca" {Wiz rElec MR+ Dex+4}

@: mighty, lethally poisoned (-1 -> -15), very resistant to hostile
enchantments, unstealthy
A: permanent stasis, dig shafts and tunnels, four strong arms, antennae 3
a: Dig, Shaft Self, Lesser Healing, Divine Protection, Renounce Religion


You were on level 8 of the Dungeon.
You worshipped Elyvilon.
Elyvilon was aware of your devotion.
You were hungry.

You visited 2 branches of the dungeon, and saw 9 of its levels.

You collected 514 gold pieces.

Inventory:

Hand Weapons
 a - a +1 war axe (weapon)
Armour
 c - a +0 shield (worn)
 i - a +0 chain mail
 p - a +0 cloak (worn)
 s - a +0 pair of gloves (worn)
 v - a +0 plate armour
 w - a +1 pair of boots (worn)
 C - a +0 large shield
 E - the +3 leather armour of the King (worn) {rN++ rCorr Str+3}
   (You found it on level 6 of the Dungeon)

   It affects your strength (+3).
   It greatly protects you from negative energy.
   It protects you from acid and corrosion.
Jewellery
 h - the ring "Fiykikhloca" (left hand) {Wiz rElec MR+ Dex+4}
   (You found it on level 5 of the Dungeon)

   [ring of wizardry]

   It improves your spell success rate.
   It affects your dexterity (+4).
   It insulates you from electricity.
   It affects your resistance to hostile enchantments.
 m - a +4 ring of dexterity (right hand)
 G - a cursed ring of loudness {unknown}
Wands
 l - a wand of lightning (10)
 y - a wand of fire (11)
Scrolls
 b - a scroll of identify
 k - 2 scrolls of remove curse {unknown}
 n - a scroll of fog
 u - a scroll of magic mapping
 H - a scroll of enchant weapon
 I - a scroll of immolation {unknown}
 J - a scroll of blinking {unknown}
 K - a scroll of amnesia {unknown}
Potions
 d - 2 potions of brilliance
 g - a potion of lignification
 o - a potion of haste
 B - a potion of cure mutation {unknown}
 F - a potion of might
Books
 q - a book of Callings

   Spells                             Type                      Level
   a - Summon Small Mammal            Summoning                    1
   b - Call Imp                       Summoning                    2
   c - Call Canine Familiar           Summoning                    3
   d - Summon Guardian Golem          Hexes/Summoning              3
   e - Summon Lightning Spire         Summoning/Air                4
   f - Summon Ice Beast               Ice/Summoning                4
 x - a book of Summonings

   Spells                             Type                      Level
   a - Recall                         Summoning/Translocation      3
   b - Aura of Abjuration             Summoning                    5
   c - Shadow Creatures               Summoning                    5
   d - Summon Demon                   Summoning                    5
   e - Summon Forest                  Summoning/Translocation      5
   f - Summon Mana Viper              Hexes/Summoning              5
 A - a book of Battle

   Spells                             Type                      Level
   a - Infusion                       Charms                       1
   b - Shroud of Golubria             Charms/Translocation         2
   c - Song of Slaying                Charms                       2
   d - Spectral Weapon                Hexes/Charms                 3
   e - Regeneration                   Charms/Necromancy            3
Comestibles
 e - 6 bread rations
 f - 3 beef jerkies
 z - a meat ration
 D - a slice of pizza


   Skills:
 + Level 9.9 Fighting
 + Level 8.8 Axes
 + Level 9.8 Armour
 - Level 3.6 Shields


You had 9 spell levels left.
You didn't know any spells.

Dungeon Overview and Level Annotations

Branches:
Dungeon (8/15)             Temple (1/1) D:5
   Lair: D:8-11

Altars:
Ashenzari
Cheibriados
Dithmenos
Elyvilon
Fedhas
Gozag
Kikubaaqudgha
Makhleb
Nemelex Xobeh
Okawaru
Qazlal
Ru
Sif Muna
Trog
Vehumet
Xom
Yredelemnul
Zin
The Shining One


Innate Abilities, Weirdness & Mutations

You are under a permanent stasis effect.
You can dig through walls and to a lower floor.
Your four strong arms can wield two-handed weapons with a shield.
You have a pair of large antennae on your head (SInv).


Message History

You feel sick.
You feel sick.
Read which item? (? for menu, Esc to quit)
Okay, then.
You feel sick.
You feel sick.
You are no longer poisoned.
You see here a hunting sling.
There is a stone staircase leading down here.
Drink which item? (? for menu, Esc to quit)
You feel very mighty all of a sudden. The queen bee stings you!
* * * LOW HITPOINT WARNING * * *
You are lethally poisoned!
The queen bee poisons you!
You slash the queen bee!
The queen bee is moderately wounded.
* * * LOW HITPOINT WARNING * * *
You feel sick. The queen bee stings you!
You die...

#..............###
#....†............
#.#.....#########.
#.#.#############.
#.#.#.............
#.#.#.#♣♣##♣#♣♣.##
#.#.#.# ♣♣.# #.#.#.#
♣♣♣♣♣♣♣.# #@#.†.♣
♣♣.P♣P....
####y###♣P♣♣.♣♣♣♣..♣.
#...>##♣ P♣..♣♣♣♣.♣..
#.#....♣ ♣♣♣..♣♣.♣♣.♣
#.#....♣♣♣♣...♣♣.♣...
#......P...♣..♣.♣.♣PP
##..♣#♣..♣...♣.♣...♣.
#..♣#♣.♣♣♣..P.P.P..♣
##.♣♣P.....♣♣♣..♣P.P


You could see a queen bee.

Vanquished Creatures
  The ghost of Ivanskos the Covered, an amateur DDFi of Makhleb (D:4)
  Grinder (D:5)
  A hungry ghost (D:5)
  2 hippogriffs (D:8)
  An orc warrior (D:7)
  An ice beast (D:7)
  5 phantoms
  8 ogres
  A crocodile (Temple)
  A centaur (D:8)
  A big kobold (D:7)
  3 giant frogs
  11 killer bees (D:8)
  A quasit (D:7)
  2 crimson imps
  4 iguanas
  4 orc wizards
  6 orc priests
  A centaur skeleton (D:7)
  8 hounds
  3 worker ants
  2 hound skeletons
  10 river rats (D:6)
  7 adders
  3 gnolls (D:5)
  2 shadow imps (D:6)
  2 oozes
  3 worms
  4 giant geckos
  17 orcs
  12 hobgoblins
  11 kobolds
  4 quokkas
  2 ball pythons
  4 bats
  9 giant cockroaches
  A giant gecko skeleton (D:8)
  7 giant newts
  6 goblins
  4 jackals (D:1)
  A jackal skeleton (D:6)
  A jackal zombie (D:7)
  16 rats
194 creatures vanquished.

Notes
Turn   | Place    | Note
--------------------------------------------------------------
     0 | D:1      | Kloppie the Formicid Fighter began the quest for the Orb.
     0 | D:1      | Reached XP level 1. HP: 18/18 MP: 1/1
   233 | D:1      | Reached XP level 2. HP: 22/24 MP: 2/2
   479 | D:1      | Reached XP level 3. HP: 20/30 MP: 3/3
   898 | D:2      | Found a glowing golden altar of the Shining One.
  1010 | D:2      | Reached skill level 4 in Fighting
  1317 | D:2      | Reached XP level 4. HP: 33/37 MP: 4/4
  1512 | D:2      | Found a deep blue altar of Sif Muna.
  1675 | D:3      | Found a faded altar to an unknown god.
  2452 | D:4      | Noticed Ivanskos's ghost (amateur DDFi)
  2466 | D:4      | Killed Ivanskos's ghost
  2466 | D:4      | Reached skill level 5 in Fighting
  2466 | D:4      | Reached skill level 5 in Armour
  2466 | D:4      | Reached XP level 5. HP: 33/44 MP: 5/5
  2466 | D:4      | Reached XP level 6. HP: 38/51 MP: 6/6
  2545 | D:4      | Noticed a phantom
  2579 | D:4      | Killed a phantom
  2579 | D:4      | Reached XP level 7. HP: 48/56 MP: 7/7
  2871 | D:4      | Found a bloodstained altar of Trog.
  2881 | D:4      | Found an iron altar of Okawaru.
  2882 | D:4      | Found a shadowy altar of Dithmenos.
  2996 | D:4      | Noticed an ogre
  3006 | D:4      | Killed an ogre
  3349 | D:4      | Reached skill level 6 in Fighting
  3349 | D:4      | Reached skill level 5 in Axes
  3388 | D:5      | Entered Level 5 of the Dungeon
  3453 | D:5      | Reached XP level 8. HP: 8/64 MP: 8/8
  3909 | D:5      | Noticed Grinder
  3923 | D:5      | Killed Grinder
  3929 | D:5      | Reached skill level 7 in Fighting
  4154 | D:5      | Found a staircase to the Ecumenical Temple.
  4205 | Temple   | Entered the Ecumenical Temple
  4303 | Temple   | Became a worshipper of Elyvilon the Healer
  4405 | Temple   | Reached XP level 9. HP: 10/72 MP: 9/9
  4680 | D:5      | Got a wavering steel ring
  5356 | D:5      | Reached skill level 8 in Fighting
  5612 | D:6      | Got a faintly humming leather armour
  5621 | D:5      | Identified the ring "Fiykikhloca" {Wiz rElec MR+ Dex+4} (You found it on level 5 of the Dungeon)
  5623 | D:5      | Identified the +3 leather armour of the King {rN++ rCorr Str+3} (You found it on level 6 of the Dungeon)
  6176 | D:7      | Reached * piety under Elyvilon
  6243 | D:7      | Found a sparkling altar of Nemelex Xobeh.
  6510 | D:7      | Found a snail-covered altar of Cheibriados.
  6556 | D:7      | Reached XP level 10. HP: 79/82 MP: 10/10
  6577 | D:7      | Reached skill level 9 in Fighting
  7021 | D:8      | Found an opulent altar of Gozag.
  7377 | D:8      | HP: 3/84 [killer bee (6)]
  7390 | D:8      | Elyvilon protects you from harm!
  7401 | D:8      | HP: 4/127 [killer bee (5)]
  7453 | D:8      | Slain by a queen bee

Action                   |  1- 3 |  4- 6 |  7- 9 | 10-12 || total
-------------------------+-------+-------+-------+-------++-------
Melee: War axe           |   107 |    99 |   385 |   143 ||   734
Invok: Lesser Healing    |       |       |       |     1 ||     1
 Abil: Dig               |       |       |       |     1 ||     1
  Use: Potion            |       |     1 |       |     7 ||     8
       Scroll            |       |       |    11 |       ||    11
 Stab: Sleeping          |       |       |     1 |     1 ||     2
  Eat: Chunk             |       |     6 |    13 |     3 ||    22
       Pizza             |       |       |     1 |       ||     1
